 Dungeon Crawl Stone Soup version 0.26-a0-651-gb41185065b (webtiles) character file.

Game seed: 14907895956867068352

41 Apogee the Fighter (level 3, -4/38 HPs)
             Began as a Gnoll Wanderer on Oct 16, 2020.
             Was an Initiate of Cheibriados.
             Slain by a gnoll (5 damage)
             ... on level 2 of the Dungeon.
             The game lasted 00:02:43 (1041 turns).

Apogee the Fighter (Gnoll Wanderer)                 Turns: 1041, Time: 00:02:44

Health: -4/38      AC:  5    Str: 13    XL:     3   Next: 52%
Magic:  9/9        EV: 10    Int: 18    God:    Cheibriados [......]
Gold:   64         SH:  0    Dex: 15    Spells: 12/12 levels left

rFire    . . .     SeeInvis .   a - +2 falchion
rCold    . . .     Faith    .   (no shield)
rNeg     . . .     Spirit   .   e - +0 ring mail
rPois    .         Reflect  .   (no helmet)
rElec    .         Harm     .   (no cloak)
rCorr    .         Rampage  .   (no gloves)
MR       .....     Rnd*Tele +   (no boots)
Stlth    ..........             (no amulet)
HPRegen  0.12/turn              l - ring of teleportation (curse)
MPRegen  0.11/turn              (no ring)

@: confused, brilliant, very slow
A: distributed training, fangs 1, strong nose
a: Bend Time, Renounce Religion


You were on level 2 of the Dungeon.
You worshipped Cheibriados.
Cheibriados was noncommittal.
You visited 1 branch of the dungeon, and saw 2 of its levels.

You collected 64 gold pieces.

Inventory:

Hand Weapons
 a - a +2 falchion (weapon)
Missiles
 f - 2 boomerangs (quivered)
Armour
 d - a +0 robe
 e - a +0 ring mail (worn)
   (You found it on level 1 of the Dungeon)
 i - a +0 buckler
   (You found it on level 1 of the Dungeon)
Jewellery
 l - a cursed ring of teleportation (left hand)
   (You found it on level 1 of the Dungeon)
 n - an uncursed ring of protection from fire {unknown}
   (You found it on level 1 of the Dungeon)
Scrolls
 b - a scroll of teleportation {@r4}
 g - a scroll of immolation {unknown}
 h - a scroll of random uselessness {unknown}
 m - 2 scrolls of remove curse {unknown}
 o - 3 scrolls of identify {unknown}
 p - a scroll of blinking {unknown}
Potions
 c - a potion of lignification {!q}
 k - a potion of brilliance


   Skills:
 + Level 8.5 Fighting
 + Level 0.8 Short Blades
 + Level 2.6 Long Blades
 + Level 0.8 Axes
 + Level 0.8 Maces & Flails
 + Level 0.8 Polearms
 + Level 0.8 Staves
 + Level 0.8 Slings
 + Level 0.8 Bows
 + Level 0.8 Crossbows
 + Level 2.6 Throwing
 + Level 0.8 Armour
 + Level 0.8 Dodging
 + Level 2.4 Stealth
 + Level 0.8 Shields
 + Level 0.8 Unarmed Combat
 + Level 5.0 Spellcasting
 + Level 0.5 Conjurations
 + Level 0.5 Hexes
 + Level 0.5 Summonings
 + Level 2.1 Necromancy
 + Level 0.5 Translocations
 + Level 0.5 Transmutations
 + Level 0.5 Fire Magic
 + Level 0.5 Ice Magic
 + Level 0.5 Air Magic
 + Level 0.5 Earth Magic
 + Level 0.5 Poison Magic
 + Level 1.0 Invocations
 + Level 0.8 Evocations


You had 12 spell levels left.
You didn't know any spells.
Your spell library was empty.

Dungeon Overview and Level Annotations

Branches:
Dungeon (2/15)

Altars:
Ashenzari
Cheibriados
Kikubaaqudgha
Yredelemnul


Innate Abilities, Weirdness & Mutations

Your experience applies equally to all skills.
You have very sharp teeth.
Your uncanny sense of smell can sniff out nearby items.


Message History

The ball python barely misses you.
You riposte.
You barely miss the ball python. The ball python grabs you.
The ball python constricts you.
The ball python bites you but does no damage.
The ball python constricts you.
The gnoll shouts!
You hit the ball python.
You kill the ball python!
Cheibriados appreciates the change of pace.
A gnoll comes into view. It is wielding a +0 halberd.
The gnoll shouts!
You see here a twisted marble ring.
You hit the gnoll. The gnoll hits you with a +0 flail.
You hit the gnoll. You bite the gnoll, but do no damage.
The gnoll hits you with a +0 flail.
You completely miss the gnoll. The gnoll hits you with a +0 flail.
You hit the gnoll but do no damage. The gnoll hits you with a +0 flail!
You barely miss the gnoll. The gnoll barely misses you.
You hit the gnoll. The gnoll closely misses you.
You riposte.
You completely miss the gnoll. You hit the gnoll. The gnoll barely misses you.
You closely miss the gnoll. The gnoll hits you with a +0 flail.
* * * LOW HITPOINT WARNING * * *
The gnoll hits you with a +0 flail.
* * * LOW HITPOINT WARNING * * *
You closely miss the gnoll. The gnoll barely misses you.
You barely miss the gnoll. The gnoll hits you with a +0 flail.
* * * LOW HITPOINT WARNING * * *
You slash the gnoll!
You kill the gnoll!
Cheibriados appreciates the change of pace.
Your Invocations skill increases to level 1!
It was a potion of brilliance.
You feel clever all of a sudden. The gnoll barely misses you.
It was a potion of ambrosia.
You are confused.
You feel invigorated. The gnoll hits you.
* * * LOW HITPOINT WARNING * * *
The gnoll hits you from afar with a +0 halberd!
* * * LOW HITPOINT WARNING * * *
You bump into the rock wall.
The gnoll closely misses you.
The gnoll hits you from afar with a +0 halberd!
* * * LOW HITPOINT WARNING * * *
The gnoll barely misses you.
You slash the gnoll!
The gnoll hits you from afar with a +0 halberd!
* * * LOW HITPOINT WARNING * * *
The gnoll hits you.
You die...

#.##.# ### #.##?#.# ..#
#####.##.#.# #.# #.....#..#.# #.#
......#..#.# #.# #@#g ..........#
#.# #g#.#.###.....#### #.#.#.
#g#g#............. #.#.#.##
#g#g#######.#..... #.#.#..#
#.#.#### #.#..... #.#.##.#
#.#.... #.#..... #.#.##.# #.##.#
........ ####
#.#.##.####..=.###.##.##....
...###.#.##.##.......†..##..#....


You could see 3 gnolls.

Vanquished Creatures
  A gnoll (D:2)
  2 dart slugs
  2 leopard geckos (D:2)
  5 bats
  A giant cockroach (D:2)
  2 hobgoblins (D:2)
  A kobold (D:1)
  A ball python (D:2)
  2 frilled lizards
  4 goblins
  5 rats (D:1)
26 creatures vanquished.

Notes
Turn   | Place    | Note
-------+----------+-------------------------------------------
     0 | D:1      | Apogee the Gnoll Wanderer began the quest for the Orb.
     0 | D:1      | Apogee set off with the following items: a +2 falchion, a
                  | scroll of teleportation {@r4}, a potion of lignification
                  | {!q}, a +0 robe
     0 | D:1      | Reached XP level 1. HP: 26/26 MP: 6/6
   249 | D:1      | Reached XP level 2. HP: 31/33 MP: 7/7
   645 | D:2      | Found a snail-covered altar of Cheibriados.
   816 | D:2      | Found a broken altar of Ashenzari.
   874 | D:2      | Reached XP level 3. HP: 38/38 MP: 9/9
   895 | D:2      | Reached skill level 5 in Spellcasting
   900 | D:2      | Became a worshipper of Cheibriados the Contemplative
   945 | D:2      | Found an ancient bone altar of Kikubaaqudgha.
   948 | D:2      | Found a basalt altar of Yredelemnul.
  1035 | D:2      | Reached skill level 1 in Invocations
  1041 | D:2      | HP: 1/38 [gnoll/+0 halberd (9)]
  1041 | D:2      | Slain by a gnoll

Illustrated notes

Levels and vault maps discovered:
D:1:      dpeg_arrival_court, layout_rooms
D:2:      layout_basic, kennysheep_slug_shrine, grunt_temple_overflow_open,
          minmay_tree_intersection

Skill      XL: |  1  2  3 |
---------------+----------+-----
Necromancy     | 2 |  2.1
Spellcasting   | 5 |  5.0
Invocations    | 1 |  1.0
Fighting       | |  8.5
Short Blades   | |  0.8
Long Blades    | |  2.6
Axes           | |  0.8
Maces & Flails | |  0.8
Polearms       | |  0.8
Staves         | |  0.8
Slings         | |  0.8
Bows           | |  0.8
Crossbows      | |  0.8
Throwing       | |  2.6
Armour         | |  0.8
Dodging        | |  0.8
Stealth        | |  2.4
Shields        | |  0.8
Unarmed Combat | |  0.8
Conjurations   | |  0.5
Hexes          | |  0.5
Summonings     | |  0.5
Translocations | |  0.5
Transmutations | |  0.5
Fire Magic     | |  0.5
Ice Magic      | |  0.5
Air Magic      | |  0.5
Earth Magic    | |  0.5
Poison Magic   | |  0.5
Evocations     | |  0.8

Action                   || total
-------------------------++-------
Melee: Falchion          ||    74
       Bite              ||     6
  Use: Potion            ||     2
Armor: Ring mail         ||    43
Dodge: Dodged            ||    43
       Rpst.: Falchion   ||    10

Table legend: (Time is in decaauts)
 A = Elapsed time spent in this place.
 B = Non-inter-level travel time spent in this place.
 C = Inter-level travel time spent in this place.
 D = Time resting spent in this place.
 E = Time spent auto-exploring this place.
 F = Levels seen in this place.
 G = Mean time per level.
                   A        B        C        D        E       F      G
               +--------+--------+--------+--------+--------+-----+--------+
         Total |   1089 |   1066 |     23 |    130 |    693 |   2 |  544.5 |
       Dungeon |   1089 |   1066 |     23 |    130 |    693 |   2 |  544.5 |
               +--------+--------+--------+--------+--------+-----+--------+

Top non-repeatable levels by time:
     D:1: 627 daAuts
     D:2: 461 daAuts
